 Dungeon Crawl Stone Soup version 0.17-a0-1635-gd4e48f1 (webtiles) character file.

306 urechis the Ruffian (level 6, -2/62 HPs)
             Began as a Troll Monk on Aug 4, 2015.
             Slain by an orc warrior
             ... wielding a +0 dire flail
              (21 damage)
             ... on level 4 of the Dungeon.
             The game lasted 00:02:25 (1970 turns).

urechis the Ruffian (Troll Monk)                    Turns: 1970, Time: 00:02:25

Health: -2/62      AC:  5    Str: 20    XL:     6   Next: 16%
Magic:  14/14      EV: 10    Int:  6    God:
Gold:   162        SH:  0    Dex: 14    Spells: 0 memorised, 5 levels left

rFire  . . .     SeeInvis .       - Unarmed
rCold  . . .     Clarity  .     a - +0 robe
rNeg   . . .     SustAt   .     (no shield)
rPois  .         Gourm    +     (helmet restricted)
rElec  .         Spirit   .     (no cloak)
rCorr  .         Warding  .     (gloves unavailable)
rMut   .         Stasis   .     (boots unavailable)
MR     .....                    k - amulet of regeneration
Stlth  ++........               (no ring)
                                l - ring of magical power

@: not resistant to hostile enchantments, unstealthy
A: unfitting armour, claws 3, fast metabolism 3, gourmand, regeneration 2,
shaggy fur 1, tough skin 2
a: no special abilities


You were on level 4 of the Dungeon.
You were very full.

You visited 1 branch of the dungeon, and saw 4 of its levels.

You collected 162 gold pieces.

Inventory:

Armour
 a - a +0 robe (worn)
Jewellery
 k - an amulet of regeneration (around neck)
 l - a ring of magical power (left claw)
Magical devices
 m - a wand of random effects (25)
Scrolls
 e - 2 scrolls of recharging {unknown}
 f - 3 scrolls of remove curse {unknown}
 h - a scroll of random uselessness {unknown}
 i - 3 scrolls of identify {unknown}
 n - a scroll of noise {unknown}
 p - a scroll of blinking {unknown}
 q - a scroll of enchant weapon {unknown}
Potions
 d - a potion of ambrosia {unknown}
 o - 2 potions of flight {unknown}
Comestibles
 b - 4 bread rations
 c - a slice of pizza
 g - a beef jerky
 j - 4 meat rations


   Skills:
 + Level 3.7 Fighting
 - Level 2.4 Dodging
 - Level 1.1 Stealth
 * Level 6.6 Unarmed Combat


You had 5 spell levels left.
You didn't know any spells.

Dungeon Overview and Level Annotations

Branches:
Dungeon (4/15)             Temple (0/1) D:4

Altars:
Qazlal
Ru


Innate Abilities, Weirdness & Mutations

You are too large for most types of armour.
You have claws for hands.
Your metabolism is lightning-fast.
You like to eat raw meat.
You heal very quickly.
You are covered in fur (AC +1).
You have very tough skin (AC +2).


Message History

The orc warrior is moderately wounded.
The orc warrior hits you with a dire flail!!
You closely miss the orc warrior.
The orc warrior is moderately wounded.
The orc warrior hits you with a dire flail.
You scratch the orc warrior.
The orc warrior is moderately wounded.
The orc warrior hits you with a dire flail!
* * * LOW HITPOINT WARNING * * *
You are too injured to fight recklessly!
The orc wizard casts a spell.
The orc wizard flickers and vanishes!
Deactivating autopickup; reactivate with Ctrl-A.
The orc wizard gestures wildly while chanting.
The orc wizard seems to speed up.
There is an open door here.
You scratch the orc warrior but do no damage.
The orc warrior is moderately wounded.
The orc warrior hits you with a dire flail!!
You die...

#..........≈..o#
#..........≈≈≈{#
#........#...).#
#........#.o.._#
#........#...###
#######..#....o#
##.#.....#
##..###o#+###
#..#.@.#...#
#..#.......#
#.####...###
#..#.......#
#..#.......#
####....#### ##
#....##
##.##....###
#...#......###


You could see an orc warrior and an orc wizard.

Vanquished Creatures
  A scorpion (D:4)
  2 orc wizards (D:4)
  An iguana (D:4)
  2 worker ants (D:4)
  6 adders
  An ooze (D:3)
  2 worms
  2 giant geckos
  5 orcs
  6 bats
  2 giant cockroaches
  6 goblins
  6 hobgoblins
  3 jackals (D:3)
  A ball python (D:1)
  3 giant newts
  3 kobolds
  6 rats
58 creatures vanquished.

Notes
Turn   | Place    | Note
--------------------------------------------------------------
     0 | D:1      | urechis the Troll Monk began the quest for the Orb.
     0 | D:1      | Reached XP level 1. HP: 22/22 MP: 0/0
   107 | D:1      | Reached XP level 2. HP: 29/29 MP: 1/1
   821 | D:2      | Reached XP level 3. HP: 36/36 MP: 2/2
   842 | D:2      | Found a stormy altar of Qazlal.
  1209 | D:3      | Reached skill level 5 in Unarmed Combat
  1331 | D:3      | Reached XP level 4. HP: 40/45 MP: 3/3
  1810 | D:4      | Found a staircase to the Ecumenical Temple.
  1844 | D:4      | Reached XP level 5. HP: 49/53 MP: 4/4
  1875 | D:4      | Reached skill level 6 in Unarmed Combat
  1921 | D:4      | Reached XP level 6. HP: 48/61 MP: 5/5
  1941 | D:4      | Found a sacrificial altar of Ru.
  1949 | D:4      | Noticed an orc warrior
  1970 | D:4      | Slain by an orc warrior

Vault maps used:
D:1:      saegor_arrival_simple_e, minmay_box_of_dots
D:2:      overflow_temple_1_default, first_bread
D:3:      minmay_misc_feat_chi
D:4:      hangedman_ru_absence, minmay_temple_entry_statues_fountains,
          guppyfry_shop_venom, uniq_crazy_yiuf_cottage

Action                   |  1- 3 |  4- 6 || total
-------------------------+-------+-------++-------
Melee: Unarmed           |    91 |    84 ||   175
 Stab: Sleeping          |     3 |       ||     3
  Eat: Chunk             |    11 |    12 ||    23
